AoeStats
← M1GSimoBellecose

Glade

510632000Analyzed
1v1 RM · 1d ago on Oct 1, 2026· 28m 53s· 2 players
Game mode
Random Map
Map size
Tiny (2 player)
Population
200
Speed
Normal
Resources
Standard
Victory
Conquest
Starting age
Dark Age
Ending age
Imperial Age
RankedLock teamsTeams togetherTeam positionsShared explorationLock speedFull tech treeHidden civsTurbo modeCheats
Victory
Defeat
🇧🇷 Persians · Brazil
283
+6
🇮🇹 Romans · Italy
12
-6
M1GSimoBellecose
11:28 Feudal Age
12:16 Double-Bit Axe
14:22 Wheelbarrow
15:27 Horse Collar
15:45 Gold Mining
23:30 Castle Age
22:15 Stone Mining
26:35 Man-at-Arms
27:33 Forging
Amstterda
10:41 Feudal Age
11:19 Horse Collar
13:34 Double-Bit Axe
17:58 Castle Age
17:49 Loom
28:15 Heavy Plow
Connection lost

Rejoining the realm…

Still unreachable

The connection could not be restored.

Session expired

The server has moved on; the page needs a fresh start.